TOP OF THE 1ST |
Tri-City Dust Devils batting - Pitching for West Virginia Black Bears : RHP Kyle Davis
|
Pitching: RHP Kyle Davis
|
|
Batting: RHB Dave McBain
|
0-0: Ball 1-0: Fly out, F8 (Flyball, 8RS, EV 88.8 MPH)
|
Batting: LHB Jeff Trapp
|
0-0: Called Strike 0-1: Called Strike 0-2: Ball 1-2: Strikes out swinging
|
Batting: LHB Jim Chalk
|
0-0: Swinging Strike 0-1: Foul Ball, location: 2F 0-2: Ball 1-2: Ball 2-2: Ball 3-2: Ground out 6-3 (Groundball, 6, EV 86.9 MPH)
|
Top of the 1st over - 0 runs, 0 hits, 0 errors, 0 left on base; Tri-City 0 - West Virginia 0 |
BOTTOM OF THE 1ST |
West Virginia Black Bears batting - Pitching for Tri-City Dust Devils : RHP Eric Johnson
|
Pitching: RHP Eric Johnson
|
|
Batting: LHB Josh Aerni
|
0-0: Swinging Strike 0-1: Ball 1-1: Ball 2-1: Ball 3-1: Foul Ball, location: 2F 3-2: Base on Balls
|
Batting: LHB Gregg Kellerman
|
0-0: Ball Josh Aerni is caught stealing 2nd base 2-6 1-0: Ball 2-0: Called Strike 2-1: Ball 3-1: Foul Ball, location: 2F 3-2: Strikes out looking
|
Batting: RHB Etsuro Hosokawa
|
0-0: Called Strike 0-1: Ball 1-1: Foul Ball, location: 2F 1-2: Foul Ball, location: 2F 1-2: Ball 2-2: Ball 3-2: Base on Balls
|
Batting: LHB Ruben Garza
|
0-0: Ball Etsuro Hosokawa steals 2nd base 1-0: Foul Ball, location: 2F 1-1: Ball 2-1: Foul Ball, location: 2F 2-2: Strikes out swinging
|
Bottom of the 1st over - 0 runs, 0 hits, 0 errors, 1 left on base; Tri-City 0 - West Virginia 0 |
TOP OF THE 2ND |
Tri-City Dust Devils batting - Pitching for West Virginia Black Bears : RHP Kyle Davis
|
Batting: SHB Manny Berrones
|
0-0: Ball 1-0: Ball 2-0: Called Strike 2-1: Ball 3-1: Base on Balls
|
Batting: RHB Hector Fernandez
|
0-0: Ball 1-0: Called Strike 1-1: Ball 2-1: Ball 3-1: Base on Balls Manny Berrones to second
|
Batting: RHB Antonio Lara
|
0-0: Fly out, F9 (Flyball, 89S, EV 85.0 MPH)
|
Batting: RHB Brian DeVoe
|
0-0: Foul Ball, location: 2F 0-1: Ball 1-1: Swinging Strike 1-2: Foul Ball, location: 2F 1-2: Ball 2-2: Ball 3-2: Strikes out swinging
|
Batting: RHB Eduardo Calderon
|
0-0: Foul Ball, location: 2F 0-1: Swinging Strike 0-2: Strikes out swinging
|
Top of the 2nd over - 0 runs, 0 hits, 0 errors, 2 left on base; Tri-City 0 - West Virginia 0 |
BOTTOM OF THE 2ND |
West Virginia Black Bears batting - Pitching for Tri-City Dust Devils : RHP Eric Johnson
|
Batting: RHB Brandon White
|
0-0: Fly out, F7 (Flyball, 7S, EV 89.4 MPH)
|
Batting: RHB Terrence Wilson
|
0-0: Called Strike 0-1: Ball 1-1: Foul Ball, location: 2F 1-2: Ground out 5-3 (Groundball, 56, EV 86.9 MPH)
|
Batting: RHB Ken Manser
|
0-0: Called Strike 0-1: Called Strike 0-2: Strikes out swinging
|
Bottom of the 2nd over - 0 runs, 0 hits, 0 errors, 0 left on base; Tri-City 0 - West Virginia 0 |
TOP OF THE 3RD |
Tri-City Dust Devils batting - Pitching for West Virginia Black Bears : RHP Kyle Davis
|
Batting: RHB Max Stillo
|
0-0: Foul Ball, location: 2F 0-1: Ball 1-1: Called Strike 1-2: Foul Ball, location: 2F 1-2: Ground out 4-3 (Groundball, 4, EV 90.0 MPH)
|
Batting: RHB Dave McBain
|
0-0: Ball 1-0: Ball 2-0: Ball 3-0: Called Strike 3-1: Ground out 5-3 (Groundball, P, EV 85.6 MPH)
|
Batting: LHB Jeff Trapp
|
0-0: Ball 1-0: Called Strike 1-1: Foul Ball, location: 2F 1-2: Fly out, F8 (Flyball, 8LM, EV 78.1 MPH)
|
Top of the 3rd over - 0 runs, 0 hits, 0 errors, 0 left on base; Tri-City 0 - West Virginia 0 |
BOTTOM OF THE 3RD |
West Virginia Black Bears batting - Pitching for Tri-City Dust Devils : RHP Eric Johnson
|
Batting: SHB Ronnie Brooks
|
0-0: Ball 1-0: Swinging Strike 1-1: Fly out, F8 (Line Drive, 8LM, EV 90.6 MPH)
|
Batting: RHB Alex Arzate
|
0-0: Called Strike 0-1: SINGLE (Flyball, 4D, EV 98.8 MPH)
|
Batting: LHB Josh Aerni
|
0-0: Called Strike Alex Arzate steals 2nd base 0-1: Foul Ball, location: 2F 0-2: Ball 1-2: SINGLE (Groundball, 6S, EV 63.8 MPH) (infield hit) Alex Arzate to third
|
Batting: LHB Gregg Kellerman
|
0-0: Foul Ball, location: 2F 0-1: Called Strike 0-2: Fly out, F9 (Flyball, 9, EV 90.0 MPH) Runner from 3rd tags up, SCORES, throw by RF
|
Batting: RHB Etsuro Hosokawa
|
0-0: Called Strike 0-1: Fly out, F7 (Flyball, 78M, EV 89.4 MPH)
|
Bottom of the 3rd over - 1 run, 2 hits, 0 errors, 1 left on base; Tri-City 0 - West Virginia 1 |
TOP OF THE 4TH |
Tri-City Dust Devils batting - Pitching for West Virginia Black Bears : RHP Kyle Davis
|
Batting: LHB Jim Chalk
|
0-0: Ball 1-0: SINGLE (Groundball, 56D, EV 95.0 MPH)
|
Batting: SHB Manny Berrones
|
0-0: Ball 1-0: Called Strike 1-1: Foul Ball, location: 2F 1-2: Ball Wild Pitch! Jim Chalk to second 2-2: Strikes out swinging
|
Batting: RHB Hector Fernandez
|
0-0: Ball 1-0: Ball 2-0: Ball 3-0: Called Strike 3-1: Ground out 6-3 (Groundball, 56, EV 86.9 MPH)
|
Batting: RHB Antonio Lara
|
0-0: Called Strike 0-1: Ball 1-1: Swinging Strike 1-2: Strikes out looking
|
Top of the 4th over - 0 runs, 1 hit, 0 errors, 1 left on base; Tri-City 0 - West Virginia 1 |
BOTTOM OF THE 4TH |
West Virginia Black Bears batting - Pitching for Tri-City Dust Devils : RHP Eric Johnson
|
Batting: LHB Ruben Garza
|
0-0: Ground out U3 (Groundball, 34S, EV 72.5 MPH)
|
Batting: RHB Brandon White
|
0-0: Ball 1-0: Called Strike 1-1: Ball 2-1: Swinging Strike 2-2: Ball 3-2: Strikes out swinging
|
Batting: RHB Terrence Wilson
|
0-0: SINGLE (Groundball, 56S, EV 73.1 MPH) (infield hit)
|
Batting: RHB Ken Manser
|
0-0: Called Strike 0-1: Called Strike Terrence Wilson is caught stealing 2nd base 2-4
|
Bottom of the 4th over - 0 runs, 1 hit, 0 errors, 0 left on base; Tri-City 0 - West Virginia 1 |
TOP OF THE 5TH |
Tri-City Dust Devils batting - Pitching for West Virginia Black Bears : RHP Kyle Davis
|
Batting: RHB Brian DeVoe
|
0-0: Ball 1-0: Ball 2-0: Called Strike 2-1: Foul Ball, location: 2F 2-2: SINGLE (Groundball, 6S, EV 96.9 MPH)
|
Batting: RHB Eduardo Calderon
|
0-0: Ball 1-0: Fly out, F8 (Flyball, 8LD, EV 103.1 MPH)
|
Pinch Hitting: LHB Rogelio Nunez
|
0-0: Ball 1-0: Called Strike Brian DeVoe is caught stealing 2nd base 2-6 1-1: Ball 2-1: Ball 3-1: Fly out, F8 (Flyball, 8LD, EV 90.6 MPH)
|
Top of the 5th over - 0 runs, 1 hit, 0 errors, 0 left on base; Tri-City 0 - West Virginia 1 |
BOTTOM OF THE 5TH |
West Virginia Black Bears batting - Pitching for Tri-City Dust Devils : RHP Eric Johnson
|
Now at 3B: Rogelio Nunez
|
|
Batting: RHB Ken Manser
|
0-0: Ball 1-0: Fly out, F9 (Line Drive, 9S, EV 88.1 MPH)
|
Batting: SHB Ronnie Brooks
|
0-0: Ball 1-0: Ball 2-0: Swinging Strike 2-1: Foul Ball, location: 2F 2-2: SINGLE (Line Drive, 89S, EV 100.0 MPH)
|
Batting: RHB Alex Arzate
|
0-0: Ball 1-0: Foul Ball, location: 2F 1-1: Foul Ball, location: 2F 1-2: Foul Ball, location: 2F 1-2: Ball 2-2: Ground out 3-1 (Groundball, 34, EV 98.8 MPH) Ronnie Brooks to second
|
Batting: LHB Josh Aerni
|
0-0: Ball 1-0: Ground out 3-1 (Groundball, 34S, EV 86.9 MPH)
|
Bottom of the 5th over - 0 runs, 1 hit, 0 errors, 1 left on base; Tri-City 0 - West Virginia 1 |
TOP OF THE 6TH |
Tri-City Dust Devils batting - Pitching for West Virginia Black Bears : RHP Kyle Davis
|
Batting: RHB Dave McBain
|
0-0: Ball 1-0: Called Strike 1-1: Ball 2-1: Ball 3-1: Foul Ball, location: 2F 3-2: SINGLE (Line Drive, 6M, EV 94.4 MPH)
|
Pitching: RHP Sakio Miyamoto
|
|
Batting: LHB Jeff Trapp
|
0-0: Called Strike Dave McBain steals 2nd base (no throw) 0-1: Foul Ball, location: 2F 0-2: Strikes out swinging
|
Batting: LHB Jim Chalk
|
0-0: Swinging Strike 0-1: Foul Ball, location: 2F 0-2: Ground out 5-3 (Groundball, 56, EV 105.6 MPH)
|
Batting: SHB Manny Berrones
|
0-0: Ball 1-0: Fly out, F1 (Popup, P, EV 80.6 MPH)
|
Top of the 6th over - 0 runs, 1 hit, 0 errors, 1 left on base; Tri-City 0 - West Virginia 1 |
BOTTOM OF THE 6TH |
West Virginia Black Bears batting - Pitching for Tri-City Dust Devils : RHP Eric Johnson
|
Batting: LHB Gregg Kellerman
|
0-0: Ball 1-0: Ball 2-0: Ball 3-0: Base on Balls
|
Batting: RHB Etsuro Hosokawa
|
0-0: Called Strike 0-1: Called Strike 0-2: Reached on error, E4 (Groundball, 4, EV 103.1 MPH) Gregg Kellerman to second
|
Batting: LHB Ruben Garza
|
0-0: Fly out, F9 (Line Drive, 9, EV 96.9 MPH)
|
Batting: RHB Brandon White
|
0-0: Fielders Choice at 2nd, 5-4 (Groundball, 5S, EV 80.0 MPH) Gregg Kellerman to third
|
Batting: RHB Terrence Wilson
|
0-0: Ball 1-0: Ball 2-0: Ball 3-0: Base on Balls Brandon White to second
|
Batting: RHB Ken Manser
|
0-0: Ball Wild Pitch! Gregg Kellerman scores Brandon White to third Terrence Wilson to second 1-0: Ball 2-0: Foul Ball, location: 2F 2-1: Foul Ball, location: 2F 2-2: Ground out 6-3 (Groundball, 6MD, EV 88.1 MPH)
|
Bottom of the 6th over - 1 run, 0 hits, 1 error, 2 left on base; Tri-City 0 - West Virginia 2 |
TOP OF THE 7TH |
Tri-City Dust Devils batting - Pitching for West Virginia Black Bears : RHP Sakio Miyamoto
|
Now in LF: Perry Dominey
|
|
Batting: RHB Hector Fernandez
|
0-0: Ball 1-0: Ground out 6-3 (Groundball, 6, EV 77.5 MPH)
|
Batting: RHB Antonio Lara
|
0-0: SINGLE (Line Drive, 7S, EV 93.1 MPH)
|
Batting: RHB Brian DeVoe
|
0-0: Called Strike 0-1: Ball 1-1: Called Strike 1-2: Ball 2-2: Fly out, F8 (Flyball, 8LD, EV 79.4 MPH)
|
Batting: RHB Eduardo Calderon
|
0-0: Ball Antonio Lara is caught stealing 2nd base 2-4
|
Top of the 7th over - 0 runs, 1 hit, 0 errors, 0 left on base; Tri-City 0 - West Virginia 2 |
BOTTOM OF THE 7TH |
West Virginia Black Bears batting - Pitching for Tri-City Dust Devils : RHP Eric Johnson
|
Batting: SHB Ronnie Brooks
|
0-0: Ball 1-0: Foul Ball, location: 2F 1-1: SINGLE (Line Drive, 78S, EV 96.9 MPH)
|
Batting: RHB Alex Arzate
|
0-0: Sac Bunt to 15 - play at first, batter OUT! 1-3 Ronnie Brooks to second
|
Batting: LHB Josh Aerni
|
0-0: Foul Ball, location: 2F 0-1: Ball 1-1: Ball 2-1: Foul Ball, location: 2F 2-2: Ball 3-2: Foul Ball, location: 2F 3-2: Foul Ball, location: 2F 3-2: Base on Balls
|
Batting: LHB Gregg Kellerman
|
0-0: Called Strike 0-1: Called Strike 0-2: Ball 1-2: Ball 2-2: Strikes out looking
|
Pitching: RHP Nick Jamison
|
|
Batting: RHB Perry Dominey
|
0-0: Ball 1-0: Ball 2-0: Ball Passed Ball! Ronnie Brooks to third Josh Aerni to second 3-0: Called Strike 3-1: Foul Ball, location: 2F 3-2: 3-RUN HOME RUN (Line Drive, 78XD, EV 110.6 MPH), Distance : 433 ft
|
Batting: LHB Ruben Garza
|
0-0: Ball 1-0: Swinging Strike 1-1: Ball 2-1: Ground out 4-3 (Groundball, 34, EV 84.4 MPH)
|
Bottom of the 7th over - 3 runs, 2 hits, 0 errors, 0 left on base; Tri-City 0 - West Virginia 5 |
TOP OF THE 8TH |
Tri-City Dust Devils batting - Pitching for West Virginia Black Bears : RHP Sakio Miyamoto
|
Batting: RHB Eduardo Calderon
|
0-0: Ball 1-0: Ball 2-0: Foul Ball, location: 2F 2-1: Foul Ball, location: 2F 2-2: Strikes out swinging
|
Batting: LHB Rogelio Nunez
|
0-0: Foul Ball, location: 2F 0-1: Called Strike 0-2: Ground out 4-3 (Groundball, 4, EV 81.2 MPH)
|
Batting: RHB Dave McBain
|
0-0: Foul Ball, location: 2F 0-1: Ball 1-1: Ball 2-1: Ball 3-1: Base on Balls
|
Batting: LHB Jeff Trapp
|
0-0: Ball 1-0: Called Strike 1-1: Called Strike 1-2: Ball 2-2: Foul Ball, location: 2F 2-2: Ball 3-2: Base on Balls Dave McBain to second
|
Pitching: RHP Xavier Stovall
|
|
Batting: LHB Jim Chalk
|
0-0: Ball 1-0: Ball 2-0: Foul Ball, location: 2F 2-1: Foul Ball, location: 2F 2-2: Strikes out swinging
|
Top of the 8th over - 0 runs, 0 hits, 0 errors, 2 left on base; Tri-City 0 - West Virginia 5 |
BOTTOM OF THE 8TH |
West Virginia Black Bears batting - Pitching for Tri-City Dust Devils : RHP Nick Jamison
|
Batting: RHB Brandon White
|
0-0: Called Strike 0-1: Fly out, F6 (Popup, 6MD, EV 45.0 MPH)
|
Batting: RHB Terrence Wilson
|
0-0: Called Strike 0-1: TRIPLE (Line Drive, 8LXD, EV 105.6 MPH)
|
Batting: RHB Ken Manser
|
0-0: Fly out, F7 (Flyball, 78S, EV 91.9 MPH)
|
Batting: SHB Ronnie Brooks
|
0-0: Ball 1-0: Ball 2-0: Called Strike 2-1: Called Strike 2-2: Fly out, F8 (Flyball, 8LM, EV 85.0 MPH)
|
Bottom of the 8th over - 0 runs, 1 hit, 0 errors, 1 left on base; Tri-City 0 - West Virginia 5 |
TOP OF THE 9TH |
Tri-City Dust Devils batting - Pitching for West Virginia Black Bears : RHP Xavier Stovall
|
Batting: SHB Manny Berrones
|
0-0: Ball 1-0: Called Strike 1-1: Foul Ball, location: 2F 1-2: Foul Ball, location: 2F 1-2: Fly out, F7 (Line Drive, 7D, EV 90.6 MPH)
|
Batting: RHB Hector Fernandez
|
0-0: Swinging Strike 0-1: Foul Ball, location: 2F 0-2: Ball 1-2: Fly out, F8 (Flyball, 8LD, EV 105.0 MPH)
|
Batting: RHB Antonio Lara
|
0-0: Swinging Strike 0-1: Ball 1-1: Foul Ball, location: 2F 1-2: Strikes out swinging
|
Top of the 9th over - 0 runs, 0 hits, 0 errors, 0 left on base; Tri-City 0 - West Virginia 5 |
|